 Dungeon Crawl Stone Soup version 0.24-a0-368-g0e0cebd0f3 (webtiles) character file.

Game seed: 13641845922073667466

53036 MachJacob the Covert (level 15, -1/108 HPs)
             Began as a Human Enchanter on May 28, 2019.
             Was the Champion of Okawaru.
             Killed from afar by a shock serpent (10 damage)
             ... with a bolt of electricity
             ... on level 1 of the Snake Pit on May 29, 2019.
             The game lasted 02:45:54 (28874 turns).

MachJacob the Covert (Human Enchanter)             Turns: 28874, Time: 02:45:55

Health: -1/108     AC: 17    Str:  9    XL:     15   Next: 8%
Magic:  0/22       EV: 15    Int: 19    God:    Okawaru [******]
Gold:   1299       SH:  5    Dex: 18    Spells: 8/24 levels left

rFire    . . .     SeeInvis .   a - +1 falchion (elec)
rCold    . . .     Gourm    .   y - +0 buckler
rNeg     + + .     Faith    .   D - +0 steam dragon scales
rPois    +         Spirit   .   k - +0 helmet
rElec    .         Reflect  .   K - +2 ratskin cloak {+Rats rPois rN+ Str-1 Int-1 Dex+1}
rCorr    .         Harm     .   r - +1 pair of gloves {archery}
MR       +....                  c - +2 pair of boots {Stlth+}
Stlth    ++++++....             i - amulet of regeneration
HPRegen  0.68/turn              x - ring of positive energy
MPRegen  0.18/turn              o - +3 ring of intelligence

@: lethally poisoned (-1 -> -2), constricted
A: no striking features
a: Heroism, Finesse, Renounce Religion, Evoke Ratskin


You were on level 1 of the Snake Pit.
You worshipped Okawaru.
Okawaru was exalted by your worship.
You were not hungry.

You visited 5 branches of the dungeon, and saw 23 of its levels.
You visited 1 bazaar.

You collected 1796 gold pieces.
You spent 497 gold pieces at shops.

Inventory:

Hand Weapons
 a - a +1 falchion of electrocution (weapon)
 b - a +1 dagger
 w - a +3 hunting sling of flaming
Missiles
 l - 7 curare-tipped darts {!f}
 p - 51 poisoned darts
 s - 115 sling bullets
 u - 8 atropa-tipped darts {!f}
 v - 4 datura-tipped darts {!f}
 S - 4 throwing nets (quivered) {!f}
Armour
 c - a +2 pair of boots of stealth (worn)
 e - the +5 ring mail "Keekhlid" {rN+ MR+}
   (You bought it in a shop in a bazaar)

   It protects you from negative energy.
   It affects your resistance to hostile enchantments.
 k - a +0 helmet (worn)
 r - a +1 pair of gloves of archery (worn)
 y - a +0 buckler (worn)
 D - +0 steam dragon scales (worn)
 K - the +2 ratskin cloak (worn) {+Rats rPois rN+ Str-1 Int-1 Dex+1}
   (You found it on level 9 of the Dungeon)

   It affects your strength (-1).
   It affects your intelligence (-1).
   It affects your dexterity (+1).
   It protects you from poison.
   It protects you from negative energy.
 T - the +1 pair of gloves of the Other World {+Blink rC+ Str-4}
   (You bought it in a shop in a bazaar)

   It affects your strength (-4).
   It protects you from cold.
   It lets you blink.
Jewellery
 i - an amulet of regeneration (around neck)
 o - a +3 ring of intelligence (right hand)
 x - a ring of positive energy (left hand)
 M - an uncursed ring of ice
 P - an uncursed ring of fire
Wands
 q - a wand of random effects (62)
 F - a wand of iceblast (9)
 H - a wand of paralysis (6)
 J - a wand of acid (13)
 R - a wand of polymorph (8)
 V - a wand of clouds (3)
 X - a wand of disintegration (8)
Scrolls
 g - 6 scrolls of remove curse
 j - 2 scrolls of fog
 m - 2 scrolls of amnesia
 n - 4 scrolls of teleportation
 G - a scroll of summoning
 I - a scroll of random uselessness {unknown}
 L - a scroll of magic mapping
 N - 2 scrolls of vulnerability
 O - a scroll of enchant weapon {unknown}
 W - a scroll of fear {unknown}
Potions
 f - 3 potions of haste {unknown}
 h - 3 potions of magic
 t - a potion of lignification {unknown}
 z - a potion of resistance
 A - a potion of ambrosia
 C - 3 potions of curing
 Z - 2 potions of mutation
Comestibles
 d - 25 rations


   Skills:
 - Level 7.1 Fighting
 - Level 5.0(6.0) Short Blades
 - Level 4.9(6.0) Long Blades
 - Level 8.0 Armour
 - Level 8.0 Dodging
 - Level 12.0 Stealth
 - Level 4.0 Shields
 - Level 5.0 Spellcasting
 - Level 4.0 Conjurations
 * Level 9.5 Hexes
 * Level 9.5 Summonings
 + Level 3.3 Translocations
 - Level 3.0 Ice Magic
 - Level 4.0 Air Magic
 - Level 4.0 Poison Magic
 - Level 5.0 Invocations
 + Level 4.5 Evocations


You had 8 spell levels left.
You knew the following spells:

 Your Spells              Type           Power        Failure   Level  Hunger
a - Summon Mana Viper     Hex/Summ       #####...     7%          5    ######.
b - Ensorcelled Hibernat  Hex/Ice        ####..       1%          2    #......
d - Tukima's Dance        Hex            #####...     1%          3    ##.....
e - Confusing Touch       Hex            #####.       1%          1    None
f - Mephitic Cloud        Conj/Pois/Air  ###.....     7%          3    ##.....
q - Blink                 Tloc           N/A          4%          2    #......

Your spell library contained the following spells:

 Spells                   Type           Power        Failure   Level  Hunger
 Corona                   Hex            #####..      1%          1    None
 Summon Butterflies       Summ           #####...     1%          1    None
 Call Imp                 Summ           #####...     1%          2    #......
 Slow                     Hex            #####...     1%          2    #......
 Call Canine Familiar     Summ           #####...     1%          3    ##.....
 Confuse                  Hex            #####...     1%          3    ##.....
 Magic Dart               Conj           ###.         2%          1    None
 Dazzling Spray           Conj/Hex       ####..       2%          3    ##.....
 Recall                   Summ/Tloc      N/A          2%          3    ##.....
 Cause Fear               Hex            #####.....   2%          4    ####...
 Aura of Abjuration       Summ           #####.....   7%          5    ######.
 Summon Demon             Summ           #####.....   7%          5    ######.
 Swiftness                Chrm/Air       ##......     9%          2    #......
 Shroud of Golubria       Chrm/Tloc      ##........   10%         2    #......
 Gell's Gravitas          Tloc           ###.......   10%         3    ##.....
 Summon Ice Beast         Ice/Summ       ####....     10%         4    ####...
 Beastly Appendage        Tmut           #.....       12%         1    None
 Conjure Flame            Conj/Fire      ##......     16%         3    ##.....
 Spider Form              Tmut/Pois      ##........   16%         3    ##.....
 Stone Arrow              Conj/Erth      ##....       16%         3    ##.....
 Passwall                 Tmut/Erth      #.......     19%         2    #......
 Sticks to Snakes         Tmut           #.......     19%         2    #......
 Ignite Poison            Fire/Tmut/Pois #.......     22%         3    ##.....
 Silence                  Hex/Air        ####......   22%         5    ######.
 Summon Forest            Summ/Tloc      ####......   24%         5    ######.
 Metabolic Englaciation   Hex/Ice        ####......   26%         5    ######.
 Shadow Creatures         Summ           N/A          36%         6    #######
 Yara's Violent Unravell  Hex/Tmut       ###.......   43%         5    ######.
 Ice Form                 Ice/Tmut       ##......     54%         4    ####...
 Venom Bolt               Conj/Pois      ###.......   54%         5    ######.
 Petrify                  Tmut/Erth      #.......     77%         4    ####...
 Iskenderun's Battlesphe  Conj/Chrm      ##......     83%         5    ######.
 Bolt of Magma            Conj/Fire/Erth #.........   89%         5    ######.
 Summon Hydra             Summ           #####.....   91%         7    #######
 Blade Hands              Tmut           #.........   98%         5    ######.
 Lee's Rapid Deconstruct  Erth           #.........   98%         5    ######.
 Deflect Missiles         Chrm/Air       ##........   100%        6    #######
 Iron Shot                Conj/Erth      ##........   100%        6    #######
 Orb of Destruction       Conj           ###.......   100%        7    #######
 Spellforged Servitor     Conj/Summ      ####......   100%        7    #######
 Discord                  Hex            #####.....   100%        8    #######
 Dragon's Call            Summ           #####.....   100%        9    #######


Dungeon Overview and Level Annotations

Branches:
Dungeon (13/15)            Temple (1/1) D:4            Lair (6/6) D:8
 Shoals (0/4) Lair:4        Snake (1/4) Lair:3        Slime (0/5) Lair:6
    Orc (2/2) D:11            Elf (0/3) Orc:2
 Vaults: D:13-14

Altars:
Ashenzari
Cheibriados
Dithmenos
Elyvilon
Fedhas
Gozag
Hepliaklqana
Kikubaaqudgha
Makhleb
Nemelex Xobeh
Okawaru
Qazlal
Ru
Sif Muna
Trog
Uskayaw
Vehumet
Wu Jian
Xom
Yredelemnul
Zin
The Shining One

Shops:
D:5 }   D:10 :   Orc:2 =:[?

Annotations:
D:5 exclusion: 2 orc priests
D:7 2 transporters, Shaidar's ghost, novice GrFi
D:8 3 runed translucent doors
Lair:3 1 runed translucent door, D1HalberdGnoll's ghost, journeyman TeSu; Gastronok
Lair:4 exclusion: hydra
Lair:5 exclusion: 4 oklob plants


Message History

Okay, then.
As you read the scroll of summoning, it crumbles to dust.
Wisps of shadow whirl around you...
The naga mage points at you and mumbles some strange words.
The bolt of poison misses the mana viper.
The bolt of poison hits you.
You are poisoned.
You resist. The mana viper bites you!
* * * LOW HITPOINT WARNING * * *
You feel your power leaking away. The anaconda completely misses you.
The anaconda constricts you.
Your mana viper bites the mana viper but does no damage.
Your mana viper bites the anaconda!
The shock serpent shoots out a bolt of lightning at you!
The bolt of electricity hits the mana viper!!
The mana viper dies!
The bolt of electricity hits you!
* * * LOW HITPOINT WARNING * * *
The bolt of electricity hits you!
You die...

### #.## ##..###
####.S...#
##N.N@†.N.###..
##...NSS...N...N
##...N#####S....S
#....## #.....
......N...N.#
.....
#..............
....
#...(..........
...
##.........S... .
#.............


You could see an anaconda, a naga ritualist, a shock serpent, a naga mage, 3
friendly naga sharpshooters, 2 friendly mana vipers and 2 friendly nagas.

Vanquished Creatures
  Harold (Lair:2)
  3 hydras (Lair:5 Lair:6)
  A merfolk avatar (Lair:6)
  A catoblepas (Lair:6)
  A shock serpent (Snake:1)
  A lindwurm (Lair:6)
  3 harpies (Lair:5 Lair:6)
  An orc sorcerer (Orc:2)
  19 elephants (Lair:4 Lair:3 Lair:6)
  7 black mambas (Lair:2 Lair:4 Lair:5 Lair:3)
  Joseph (Lair:1)
  A gargoyle (D:11)
  8 spiny frogs (Lair:2 Lair:4 Lair:5 Lair:6)
  A torpor snail (Lair:3)
  3 rime drakes (Lair:1 Lair:6)
  9 komodo dragons (Lair:1 Lair:2 Lair:4 Lair:6)
  5 hornets (D:9 Lair:3 Lair:6 D:11)
  4 polar bears (Lair:2 Lair:6)
  5 trolls (D:8 D:9 D:11)
  A wind drake (Lair:6)
  18 blink frogs (Lair:2 Lair:1 Lair:4 Lair:6 Lair:5)
  3 hippogriffs (Lair:1 Lair:4)
  2 wyverns (D:10 Lair:4)
  36 yaks (Lair:1 Lair:2 Lair:3 Lair:4 Lair:5)
  A spriggan (Lair:3)
  3 basilisks (Lair:2 Lair:5)
  3 steam dragons (D:13 Lair:2 Lair:4)
  Grum (D:11)
  2 nagas (Lair:3)
  A soldier ant (D:10)
  3 wargs (Orc:1 Orc:2)
  18 water moccasins (Lair:1 Lair:2 Lair:3 Lair:4 Lair:5)
  8 porcupines (Lair:1 Lair:2 Lair:4 Lair:5)
  An eye of draining (D:8)
  4 black bears (D:6 D:9 Lair:1)
  3 phantoms (D:7 D:9 D:12)
  13 orc warriors (D:6 D:8 D:9 D:10 D:11)
  A sky beast (D:11)
  7 necrophages (D:11)
  7 ogres (D:7 D:9 D:10 D:11 Orc:2)
  45 wolves (D:8 Lair:1 Lair:2 Lair:3 Lair:4)
  12 crocodiles (Lair:1 Lair:2 Lair:3 Lair:5 Lair:6)
  7 centaurs (D:5 D:6 D:8 D:9 D:10)
  3 big kobolds (D:6 D:8)
  16 bullfrogs (D:5 D:6 D:8 D:9 D:10)
  5 scorpions (D:4 D:7 D:9 D:10)
  4 wights (D:9 D:10)
  7 howler monkeys (D:7 D:9 D:11 D:10)
  6 crimson imps (D:5 D:8 D:12 D:11)
  A centaur zombie (D:9)
  5 jellies (D:9 D:12 Lair:6)
  10 orc priests (D:9 D:8 D:11 Orc:1 Orc:2)
  5 bullfrog skeletons (D:4 D:6 D:11 D:8)
  12 hounds (D:5 D:6 D:8 D:11)
  An iron imp (D:5)
  A centaur skeleton (D:7)
  4 iguanas (D:4 D:9 D:10)
  28 orc wizards (D:4 D:5 D:8 D:9 D:11)
  4 hell rats (Lair:6 Lair:5)
  10 worker ants (D:4 D:5 D:6 D:9 D:10)
  A howler monkey zombie (D:7)
  2 worker ant zombies (D:11)
  6 gnolls (D:2 D:6)
  11 adders (D:1 D:2 D:3 D:4 D:5)
  A shadow imp (D:6)
  6 oozes (D:1 Lair:6)
  An adder skeleton (D:9)
  An adder zombie (D:8)
  A worm (D:3)
  6 leopard geckos (D:1 D:4 D:5 D:8)
  48 orcs (D:3 D:4 D:5 D:6 D:8)
  7 giant cockroaches (D:1 D:2 D:3 D:4 D:5)
  5 goblins (D:2 D:3)
  9 hobgoblins (D:1 D:3 D:6)
  3 jackals (D:3)
  10 kobolds (D:2 D:6 D:8)
  7 quokkas (D:3 D:4 D:5 D:6 D:7)
  3 ball pythons (D:1 D:2 D:3)
  7 bats (D:1 D:2 D:3)
  6 frilled lizards (D:1 D:2 D:3)
  A jackal skeleton (D:4)
  2 leopard gecko skeletons (D:4)
  A leopard gecko zombie (D:7)
  A quokka zombie (D:5)
  10 rats (D:1 D:2 D:5)
  2 fungi (Lair:5 Lair:6)
  8 plants (Lair:2 Lair:5)
563 creatures vanquished.

Vanquished Creatures (collateral kills)
  An anaconda (Snake:1)
  A two-headed ogre (Orc:2)
  An orc high priest (Orc:2)
  An unseen horror (D:11)
  A mana viper (Lair:3)
  3 orc sorcerers (Orc:2)
  A polar bear (Lair:6)
  5 orc warriors (Orc:1 Orc:2)
  2 electric eels (D:8)
  7 orc priests (Orc:1 Orc:2)
  6 orc wizards (Orc:2)
  6 orcs (Orc:1 Orc:2)
  A fungus (Lair:2)
36 creatures vanquished.

Vanquished Creatures (others)
  A hydra (Lair:6)
  A mana viper (Snake:1)
  A hornet (Lair:6)
  31 fungi (Lair:2 Lair:4 Lair:5 Lair:6)
  29 plants (Lair:2 Lair:4 Lair:5 Lair:6)
  3 withered plants (D:11 Lair:3)
66 creatures vanquished.

Grand Total: 665 creatures vanquished

Notes
Turn   | Place    | Note
-------+----------+-------------------------------------------
     0 | D:1      | MachJacob the Human Enchanter began the quest for the Orb.
     0 | D:1      | Reached XP level 1. HP: 13/13 MP: 3/3
   190 | D:1      | Reached XP level 2. HP: 19/19 MP: 5/5
   219 | D:1      | Learned a level 2 spell: Ensorcelled Hibernation
   841 | D:2      | Found an iron altar of Okawaru.
   873 | D:1      | Reached XP level 3. HP: 14/24 MP: 0/6
  1095 | D:2      | Became a worshipper of Warmaster Okawaru
  1449 | D:2      | Found a hazy altar of Hepliaklqana.
  1450 | D:2      | Found a shimmering altar of Xom.
  1450 | D:2      | Noticed a Killer Klown
  1452 | D:2      | Noticed a spectral ugly thing
  1452 | D:2      | Noticed a Killer Klown
  1751 | D:2      | Reached XP level 4. HP: 30/30 MP: 7/7
  1787 | D:2      | Learned a level 3 spell: Confuse
  2391 | D:3      | Found a hide-covered altar of Uskayaw.
  2550 | D:3      | Reached skill level 1 in Ice Magic
  2553 | D:3      | Found an ancient bone altar of Kikubaaqudgha.
  2777 | D:3      | Reached XP level 5. HP: 35/35 MP: 8/8
  3802 | D:4      | Found a bloodstained altar of Trog.
  3826 | D:4      | Found a staircase to the Ecumenical Temple.
  3836 | Temple   | Entered the Ecumenical Temple
  4039 | D:4      | Reached XP level 6. HP: 41/41 MP: 6/9
  4544 | D:4      | Reached skill level 8 in Stealth
  4544 | D:4      | Reached XP level 7. HP: 60/60 MP: 11/11
  4584 | D:4      | Reached * piety under Okawaru
  5172 | D:5      | Entered Level 5 of the Dungeon
  5173 | D:5      | Found an iron altar of Okawaru.
  5177 | D:5      | Reached XP level 8. HP: 67/67 MP: 12/12
  5459 | D:4      | HP: 3/67 [something (1)]
  5462 | D:4      | HP: 1/67 [something (2)]
  5905 | D:5      | Found a snail-covered altar of Cheibriados.
  5987 | D:5      | Found Lofebb's Gadget Shoppe.
  6661 | D:6      | Reached ** piety under Okawaru
  6732 | D:6      | Reached skill level 5 in Hexes
  7028 | D:6      | Reached XP level 9. HP: 64/72 MP: 11/13
  7200 | D:5      | Reached skill level 1 in Armour
  7670 | D:6      | Reached *** piety under Okawaru
  7854 | D:7      | Found an opulent altar of Gozag.
  8057 | D:7      | Noticed a hornet
  8081 | D:7      | Found a transporter.
  8090 | D:7      | Found a transporter.
  8093 | D:7      | Noticed Shaidar's ghost (novice GrFi)
  8114 | D:7      | Reached skill level 5 in Short Blades
  8913 | D:8      | Reached skill level 1 in Invocations
  9209 | D:8      | Learned a level 2 spell: Blink
  9308 | D:8      | Found a burning altar of Makhleb.
  9336 | D:8      | Found a deep blue altar of Sif Muna.
  9497 | D:8      | Reached skill level 1 in Translocations
  9497 | D:8      | Reached XP level 10. HP: 47/79 MP: 14/14
  9697 | D:8      | Reached skill level 1 in Shields
  9889 | D:8      | Reached **** piety under Okawaru
 10063 | D:8      | Found a staircase to the Lair.
 10196 | D:8      | Found a runed translucent gate.
 10196 | D:8      | Noticed a brown ugly thing
 10197 | D:8      | Found a runed translucent gate.
 10205 | D:8      | Noticed a green ugly thing
 10205 | D:8      | Noticed a white ugly thing
 10206 | D:8      | Found a runed translucent gate.
 10206 | D:8      | Noticed a brown ugly thing
 10959 | D:9      | Found a sparkling altar of Nemelex Xobeh.
 11544 | D:9      | Found an ornate altar of the Wu Jian Council.
 11576 | D:9      | Reached ***** piety under Okawaru
 11583 | D:9      | Reached skill level 5 in Armour
 11761 | D:9      | Reached XP level 11. HP: 84/84 MP: 4/15
 11853 | D:9      | Found the +2 ratskin cloak {+Rats rPois rN+ Str-1 Int-1
                  | Dex+1}
 11947 | D:10     | Entered Level 10 of the Dungeon
 12203 | D:10     | Learned a level 3 spell: Tukima's Dance
 12219 | D:10     | Learned a level 1 spell: Confusing Touch
 12345 | D:10     | Found Maacw's Book Boutique.
 13178 | D:11     | Reached skill level 5 in Invocations
 13191 | D:11     | Learned a level 3 spell: Mephitic Cloud
 13624 | D:11     | Found a staircase to the Orcish Mines.
 13643 | D:11     | Reached skill level 1 in Air Magic
 13643 | D:11     | Reached skill level 1 in Poison Magic
 13681 | D:11     | You fall into a shaft and drop 2 floors!
 14336 | Lair:1   | Entered Level 1 of the Lair of Beasts
 14544 | Lair:1   | Noticed Joseph
 14556 | Lair:1   | Killed Joseph
 14964 | Lair:1   | Received a gift from Okawaru
 14972 | Lair:1   | Got a translucent helmet {god gift}
 14984 | Lair:1   | Identified the +0 helmet "Joadihon" {rElec rF++ Str-3}
                  | (Okawaru gifted it to you on level 1 of the Lair of Beasts)
 15103 | Lair:1   | Reached skill level 9 in Stealth
 15312 | Lair:2   | Reached XP level 12. HP: 88/88 MP: 16/16
 15795 | Lair:2   | Reached skill level 1 in Conjurations
 16059 | Lair:2   | Noticed Harold
 16131 | Lair:2   | Reached skill level 1 in Long Blades
 16773 | Lair:2   | Found a glowing silver altar of Zin.
 17174 | Lair:3   | Found a staircase to the Snake Pit.
 17253 | Lair:2   | Reached skill level 10 in Stealth
 17494 | Lair:2   | Killed Harold
 17543 | Lair:3   | Noticed a spriggan rider
 17929 | Lair:2   | Reached XP level 13. HP: 77/93 MP: 17/17
 18553 | Lair:3   | Noticed Gastronok
 18671 | Lair:3   | Found a runed translucent door.
 18674 | Lair:3   | Noticed D1HalberdGnoll's ghost (journeyman TeSu)
 18735 | Lair:3   | Learned a level 5 spell: Summon Mana Viper
 18927 | Lair:4   | Reached skill level 1 in Summonings
 18954 | Lair:4   | Received a gift from Okawaru
 19262 | Lair:5   | Noticed an eight-headed hydra
 19514 | Lair:4   | Noticed a five-headed hydra
 19717 | Lair:4   | Found a staircase to the Shoals.
 20555 | Lair:5   | Noticed an eight-headed hydra
 20896 | Lair:5   | Killed a nine-headed hydra
 20917 | Lair:4   | Reached ****** piety under Okawaru
 20955 | Lair:4   | Reached skill level 11 in Stealth
 20999 | Lair:4   | Reached skill level 5 in Summonings
 21159 | Lair:5   | Reached skill level 5 in Spellcasting
 21167 | Lair:5   | Identified Roxanne's Tome of Mutagenic Clay
 21440 | Lair:5   | Received a gift from Okawaru
 21447 | Lair:5   | Got a jewelled cloak {god gift}
 21670 | Lair:5   | Identified the +2 cloak of the Monkey {Int+3} (Okawaru
                  | gifted it to you on level 5 of the Lair of Beasts)
 21902 | Lair:6   | Entered Level 6 of the Lair of Beasts
 22019 | Lair:6   | Noticed a catoblepas
 22033 | Lair:6   | Killed a catoblepas
 22033 | Lair:6   | Reached XP level 14. HP: 87/100 MP: 21/21
 22646 | Lair:5   | Reached skill level 1 in Evocations
 23979 | Lair:6   | Found a staircase to the Slime Pits.
 24344 | Lair:6   | Reached skill level 12 in Stealth
 24551 | Lair:6   | Received a gift from Okawaru
 25018 | Lair:6   | HP: 5/103 [drowned by a drowned soul[a merfolk avatar]
                  | (11)]
 25026 | Lair:6   | HP: 2/103 [drowned by a drowned soul[a merfolk avatar]
                  | (16)]
 25044 | Lair:6   | Identified the Catalogue of Supportive Augmentations
 25471 | D:11     | Noticed Grum
 25515 | D:11     | Killed Grum
 25618 | Orc:1    | Entered Level 1 of the Orcish Mines
 25832 | Orc:2    | Entered Level 2 of the Orcish Mines
 25835 | Orc:2    | Found a staircase to the Elven Halls.
 26057 | Orc:2    | Found a flickering gateway to a bazaar.
 26070 | Bazaar   | Entered a bazaar
 26088 | Bazaar   | Found Ulerof's Weapon Shoppe.
 26088 | Bazaar   | Found Xastrug's Antique Armour Emporium.
 26122 | Bazaar   | Found Byecedu's Armour Shoppe.
 26122 | Bazaar   | Found Lucs's Antique Armour Emporium.
 26187 | Bazaar   | Bought a pair of warped gloves for 218 gold pieces
 26188 | Bazaar   | Identified the +1 pair of gloves of the Other World {+Blink
                  | rC+ Str-4} (You bought it in a shop in a bazaar)
 26292 | Bazaar   | Bought a fine ring mail for 279 gold pieces
 26319 | Bazaar   | Identified the +5 ring mail "Keekhlid" {rN+ MR+} (You
                  | bought it in a shop in a bazaar)
 26670 | Orc:1    | You fall into a shaft and drop 1 floor!
 27908 | Orc:2    | Found Aniysiott's Magic Scroll Emporium.
 27908 | Orc:2    | Found Luanuy's Jewellery Shoppe.
 27908 | Orc:2    | Found Nedybbex's Armour Emporium.
 27919 | Orc:2    | Found Ujirr's Book Shoppe.
 28216 | Snake:1  | Entered Level 1 of the Snake Pit
 28270 | Lair:3   | Upgraded the game from 0.24-a0-366-gc1c896e988 to
                  | 0.24-a0-368-g0e0cebd0f3
 28386 | Lair:3   | Reached XP level 15. HP: 84/108 MP: 22/22
 28874 | Snake:1  | Killed from afar by a shock serpent

Levels and vault maps discovered:
D:1:      dpeg_arrival_rhombi, layout_rooms, serial_glass, glass_columns_a,
          glass_columns_b, minmay_misc_feat_secret_circle
D:2:      layout_basic, regret_index_temple_of_mockery, st_stairs_5,
          okawaru_gym_becter
D:3:      layout_loops_cross, nicolae_overflow_hidden_temple,
          kiku_gazebo_pond_becter, first_ration
D:4:      layout_loops_corners, kennysheep_little_box,
          minmay_temple_entry_arrows
D:5:      layout_cave_pools, slow_altar_2, serial_shops, shop, basic_altar,
          gup_sewer_entry_spiral, grunt_decor_one_mirror
D:6:      cheibrodos_thug_alley, layout_rooms
D:7:      layout_cave_pods, grunt_gozag_statues, gammafunk_ghost_hive
D:8:      layout_loops_ring, makhleb_heckhound_becter, lemuel_crystal_altar,
          erik_lair_island, ploomutoo_gammafunk_ghost_potion_laboratory
D:9:      layout_roguey, hangedman_feature_mirror
D:10:     layout_loops_ring, serial_shops, nicolae_shop_trees
D:11:     layout_roguey, orc_0_dummy, serial_undead, serial_undead_e,
          serial_undead_e, serial_undead_a, serial_undead_e, serial_undead_c,
          serial_undead_c, uniq_grum
D:12:     layout_roguey, uniq_nergalle
D:13:     layout_cave_pods, blue_anna_alchemist [blue_anna_fruit_fields,
          blue_anna_fruit_fields], uniq_maurice, uniq_urug
Temple:   nicolae_temple_figure_eight
Lair:1:   layout_loops_ring, infiniplex_staircase_pool_2, uniq_joseph
Lair:2:   layout_regular_city, basic_altar, wad_woods_road_02, uniq_harold
Lair:3:   layout_big_grid, gammafunk_ghost_grave, minivault_27,
          grunt_forest_large_clearings, uniq_gastronok
Lair:4:   layout_cave_pods, elwin_shoals_entry_rocks, serial_bayou_shore_b
Lair:5:   layout_loops_ring, minmay_lair_oklob_chamber, grunt_megastairs_5
Lair:6:   gammafunk_lair_ancient_temple, layout_gridlike,
          nicolae_slime_entry_slimehenge
Snake:1:  layout_grid_shapes, serial_shops, shop, nicolae_shop_waterfront, shop
Orc:1:    layout_caves
Orc:2:    st_orc_mages, layout_caves, serial_shops, freezing_bzr

Skill      XL: |  1  2  3  4  5  6  7  8  9 10 11 12 13 14 |
---------------+-------------------------------------------+-----
Short Blades   | 2 3 4 5 |  5.0
Ice Magic      | 1 2 3 |  3.0
Hexes          | 4 5 7 8 9 |  9.5
Fighting       | 7 |  7.1
Dodging        | 7 8 |  8.0
Stealth        | 8 9 10 11 12 | 12.0
Spellcasting   | 3 5 |  5.0
Armour         | 3 5 6 7 8 |  8.0
Invocations    | 1 4 5 |  5.0
Translocations | 1 3 |  3.3
Shields        | 3 4 |  4.0
Air Magic      | 2 3 4 |  4.0
Poison Magic   | 3 4 |  4.0
Conjurations   | 3 4 |  4.0
Long Blades    | 3 4 |  4.9
Summonings     | 5 9 |  9.5
Evocations     | 4 |  4.5

Action                   |  1- 3 |  4- 6 |  7- 9 | 10-12 | 13-15 || total
-------------------------+-------+-------+-------+-------+-------++-------
Melee: Dagger            |    78 |   124 |   123 |   126 |    78 ||   529
       Falchion          |       |     9 |   178 |   826 |  1366 ||  2379
 Fire: Hunting sling     |       |       |    14 |    34 |     9 ||    57
Throw: Stone             |    20 |     8 |    12 |     4 |       ||    44
       Dart              |       |       |       |       |    52 ||    52
       Throwing net      |       |       |       |       |     1 ||     1
 Cast: Corona            |     7 |    12 |     6 |     3 |       ||    28
       Ensorcelled Hiber |     2 |    16 |    20 |    71 |    12 ||   121
       Confuse           |       |       |       |     5 |       ||     5
       Confusing Touch   |       |       |       |     5 |     5 ||    10
       Mephitic Cloud    |       |       |       |     1 |     5 ||     6
       Blink             |       |       |       |     1 |     2 ||     3
       Summon Mana Viper |       |       |       |       |    27 ||    27
Invok: Heroism           |       |       |     1 |     6 |    11 ||    18
       Finesse           |       |       |       |     2 |     2 ||     4
 Abil: Evoke Ratskin     |       |       |       |     5 |     3 ||     8
Evoke: Wand              |       |       |       |       |    19 ||    19
  Use: Scroll            |       |     5 |     7 |     6 |    17 ||    35
       Potion            |       |     1 |       |       |     4 ||     5
 Stab: Sleeping          |     8 |    16 |    33 |    56 |     9 ||   122
       Distracted        |       |     1 |       |       |     2 ||     3
       Confused          |       |       |       |     7 |     7 ||    14
  Eat: Chunk             |     3 |     6 |    14 |    21 |    46 ||    90
       Ration            |       |     1 |     1 |     4 |     1 ||     7
Armor: Robe              |    20 |    29 |     8 |       |       ||    57
       Leather armour    |       |       |    29 |    17 |       ||    46
       Troll leather arm |       |       |       |   253 |    95 ||   348
       Steam dragon scal |       |       |       |       |   350 ||   350
       Ring mail         |       |       |       |       |    95 ||    95
Dodge: Dodged            |    39 |    73 |   214 |   769 |  1190 ||  2285
Block: Buckler           |       |       |     6 |   265 |   446 ||   717
       Rpst.: Falchion   |       |     3 |    38 |   182 |   310 ||   533

Table legend:
 A = Non-vault XP
 B = Vault XP
 C = Vault XP percentage of total XP
 D = Non-vault monster count
 E = Vault monster count
 F = Vault count percentage of total count
                 A         B        C        D         E       F
            +---------+---------+-------+---------+---------+-------
      Total |   55708 |   19719 |  26.1 |     435 |     156 |  26.4
            +---------+---------+-------+---------+---------+-------
        D:1 |      40 |       0 |   0.0 |      17 |       0 |   0.0
        D:2 |      74 |       2 |   2.6 |      17 |       2 |  10.5
        D:3 |      55 |       0 |   0.0 |      20 |       0 |   0.0
        D:4 |     480 |       0 |   0.0 |      25 |       0 |   0.0
        D:5 |     713 |      49 |   6.4 |      20 |       6 |  23.1
        D:6 |     939 |     204 |  17.8 |      19 |      11 |  36.7
        D:7 |     425 |       0 |   0.0 |       8 |       0 |   0.0
        D:8 |    1104 |     745 |  40.3 |      26 |       8 |  23.5
        D:9 |    2843 |     361 |  11.3 |      40 |       2 |   4.8
       D:10 |    1143 |       0 |   0.0 |      12 |       0 |   0.0
       D:11 |    2396 |    1417 |  37.2 |      24 |      13 |  35.1
       D:12 |     217 |       0 |   0.0 |       3 |       0 |   0.0
       D:13 |     196 |       0 |   0.0 |       4 |       0 |   0.0
     Lair:1 |    5784 |     430 |   6.9 |      30 |       1 |   3.2
     Lair:2 |    5592 |    3637 |  39.4 |      21 |      24 |  53.3
     Lair:3 |    5854 |     877 |  13.0 |      20 |       7 |  25.9
     Lair:4 |    9401 |       0 |   0.0 |      34 |       0 |   0.0
     Lair:5 |    6395 |    3372 |  34.5 |      32 |       9 |  22.0
     Lair:6 |    8269 |    5159 |  38.4 |      25 |      27 |  51.9
    Snake:1 |    1572 |       0 |   0.0 |       3 |       0 |   0.0
      Orc:1 |     841 |       0 |   0.0 |      13 |       0 |   0.0
      Orc:2 |    1375 |    3466 |  71.6 |      22 |      46 |  67.6
            +---------+---------+-------+---------+---------+-------
